AoeStats
← O grande

Arabia

507372165Analyzed
1v1 RM · 13d ago on Sep 17, 2026· 59m 36s· 2 players
Game mode
Random Map
Map size
Tiny (2 player)
Population
200
Speed
Normal
Resources
Standard
Victory
Conquest
Starting age
Dark Age
Ending age
Imperial Age
RankedLock teamsTeams togetherTeam positionsShared explorationLock speedFull tech treeHidden civsTurbo modeCheats
Victory
Defeat
🇧🇷 Poles · Brazil
2010
+10
🇦🇷 Poles · Argentina
1876
-10
O grande
6:25 Loom
6:34 Loom
9:25 Feudal Age
9:59 Double-Bit Axe
10:46 Horse Collar
20:32 Castle Age
18:40 Gold Mining
19:06 Stone Mining
20:47 Bloodlines
20:49 Scale Barding Armor
21:10 Fletching
21:42 Bow Saw
23:56 Wheelbarrow
25:46 Heavy Plow
26:57 Chain Barding Armor
27:27 Szlachta Privileges
27:57 Forging
31:41 Husbandry
34:05 Fletching
34:44 Bodkin Arrow
38:01 Forging
39:13 Guard Tower
39:44 Ballistics
43:23 Imperial Age
43:30 Ballistics
43:28 Cavalier
46:27 Chemistry
47:10 Bracer
47:02 Arrowslits
48:01 Keep
50:42 Iron Casting
50:31 Conscription
50:54 Treadmill Crane
52:49 Town Watch
53:25 Hand Cart
54:01 Siege Engineers
53:53 Murder Holes
55:33 Blast Furnace
53:58 Light Cavalry
54:47 Scale Mail Armor
57:58 Chain Mail Armor
57:08 Winged Hussar
58:14 Masonry
58:33 Lechitic Legacy
59:35 Stone Shaft Mining
59:21 Town Patrol
Ronin Charles
6:45 Loom
9:01 Feudal Age
9:40 Horse Collar
9:46 Double-Bit Axe
14:19 Town Watch
15:24 Fletching
15:44 Forging
17:50 Scale Barding Armor
22:07 Castle Age
21:08 Bloodlines
22:09 Gold Mining
22:14 Light Cavalry
22:55 Husbandry
22:51 Fletching
26:18 Bow Saw
31:15 Bodkin Arrow
31:49 Ballistics
34:37 Thumb Ring
35:31 Heavy Plow
39:36 Imperial Age
37:34 Devotion
40:23 Bracer
41:27 Chemistry
43:39 Padded Archer Armor
45:08 Leather Archer Armor
53:29 Lechitic Legacy
54:03 Wheelbarrow
53:00 Cavalier
54:02 Chain Barding Armor
54:57 Conscription
58:47 Lechitic Legacy
59:41 Iron Casting
Connection lost

Rejoining the realm…

Still unreachable

The connection could not be restored.

Session expired

The server has moved on; the page needs a fresh start.